 Dungeon Crawl Stone Soup version 0.19-a0-628-g9200b3b (webtiles) character file.

91 Leszczynek the Cudgeler (level 4, -4/41 HPs)
             Began as an Ogre Artificer on June 13, 2016.
             Slain by a goblin
             ... wielding a +0 club
             ... led by Robin
              (7 damage)
             ... on level 2 of the Dungeon.
             The game lasted 00:05:19 (2648 turns).

Leszczynek the Cudgeler (Ogre Artificer)            Turns: 2648, Time: 00:05:21

Health: -4/41      AC:  3    Str: 17    XL:     4   Next: 59%
Magic:  5/5        EV: 10    Int: 10    God:
Gold:   93         SH:  0    Dex:  9    Spells: 0 memorised, 3 levels left

rFire  + . .     SeeInvis .     o - +0 flail
rCold  + . .     Gourm    .     b - +0 robe
rNeg   . . .     Faith    .     (no shield)
rPois  +         Spirit   .     (helmet restricted)
rElec  +         Dismiss  .     (no cloak)
rCorr  +         Reflect  .     (gloves unavailable)
SustAt .         Harm     .     (boots unavailable)
MR     +....     Rnd*Tele +     (no amulet)
Stlth  +.........               (no ring)
                                (no ring)

@: exhausted, resistant, slowed, very slow, somewhat resistant to hostile
enchantments, very unstealthy
A: unfitting armour, clumsy 1, magic resistance 1, teleportitis 1, tough skin 1
a: no special abilities


You were on level 2 of the Dungeon.
You were not hungry.

You visited 1 branch of the dungeon, and saw 2 of its levels.

You collected 93 gold pieces.

Inventory:

Hand Weapons
 l - a +0 whip
 o - a +0 flail (weapon)
 u - a +0 hunting sling
Missiles
 k - 65 stones (quivered)
 m - 2 needles of paralysis
Armour
 b - a +0 robe (worn)
Wands
 c - a wand of flame (15/48)
 d - a wand of enslavement (15/24)
 e - a wand of random effects (15/48)
Scrolls
 n - a scroll of fog
Potions
 j - a potion of resistance
Comestibles
 a - 2 chunks of flesh
 f - a bread ration
 i - 2 slices of pizza
 v - a beef jerky


   Skills:
 - Level 1.3 Fighting
   Level 0.5 Short Blades
 + Level 4.1 Maces & Flails
 - Level 1.7 Dodging
 - Level 2.3 Stealth
 - Level 2.4 Evocations


You had 3 spell levels left.
You didn't know any spells.

Dungeon Overview and Level Annotations

Branches:
Dungeon (2/15)

Altars:
Sif Muna
Yredelemnul

Annotations:
D:2 Robin


Innate Abilities, Weirdness & Mutations

You are too large for most types of armour.
You have tough skin. (AC +1)
You are clumsy. (Dex -2)
You are resistant to hostile enchantments. (MR+)
You are occasionally teleported next to monsters.


Message History

The goblin goes into a battle-frenzy!
Robin completely misses you. The goblin closely misses you.
The goblin barely misses you. The goblin hits you.
Robin throws the goblin at you!
Okay, then.
It was a potion of magic.
Magic courses through your body. The goblin hits you with a club.
The hobgoblin closely misses you. The goblin hits you with a club.
The goblin hits you but does no damage. Robin throws the goblin at you!
* * * LOW HITPOINT WARNING * * *
The goblin closely misses you.
The hobgoblin hits you but does no damage.
It was a potion of mutation.
You feel extremely strange.
You feel clumsy.
You feel weirdly uncertain.
You feel resistant to hostile enchantments.
The goblin completely misses you. The goblin hits you with a club!
* * * LOW HITPOINT WARNING * * *
The goblin closely misses you. Robin barely misses you.
The goblin hits you with a club!
You die...

##.....## #............
####.......## ##...########
............#####...########
#...........)(............
#..........)###.####......
#.........>####.#........#
#.......<..##......####.##
#.......ggg).....#.# #..#
#.......g@###.#### # ##..
#.......gg##..# ###
##.........##.## #
......((......# ######
#.?.....).###.... #.....
####......##.[(.. #.....
####....... .. ######
##....#.### . ###....
..........##.## #_'....


You could see Robin, a hobgoblin and 4 goblins.

Vanquished Creatures
  3 adders (D:2)
  2 dart slugs (D:1)
  4 giant geckos
  4 giant cockroaches
  7 goblins
  11 hobgoblins
  5 jackals
  A ball python (D:1)
  3 bats
  A giant newt (D:2)
  3 kobolds
  9 rats
  A spectral orc (D:2)
54 creatures vanquished.

Notes
Turn   | Place    | Note
--------------------------------------------------------------
     0 | D:1      | Leszczynek the Ogre Artificer began the quest for the Orb.
     0 | D:1      | Reached XP level 1. HP: 19/19 MP: 2/2
    78 | D:1      | Reached skill level 1 in Stealth
   474 | D:1      | Reached XP level 2. HP: 12/27 MP: 3/3
  1013 | D:1      | Reached skill level 1 in Maces & Flails
  1013 | D:1      | Reached XP level 3. HP: 31/33 MP: 4/4
  1280 | D:1      | Reached skill level 2 in Maces & Flails
  1531 | D:2      | Reached skill level 3 in Maces & Flails
  1542 | D:2      | Reached XP level 4. HP: 18/41 MP: 5/5
  2095 | D:2      | Found a basalt altar of Yredelemnul.
  2116 | D:2      | Found a deep blue altar of Sif Muna.
  2314 | D:2      | Noticed Robin
  2462 | D:1      | Reached skill level 4 in Maces & Flails
  2641 | D:2      | HP: 5/61 [Robin/goblin (3)]
  2648 | D:2      | Gained mutation: You are clumsy. (Dex -2) [potion of mutation]
  2648 | D:2      | Gained mutation: You are occasionally teleported next to monsters. [potion of mutation]
  2648 | D:2      | Gained mutation: You are resistant to hostile enchantments. (MR+) [potion of mutation]
  2648 | D:2      | HP: 3/41 [goblin/club[Robin] (7)]
  2648 | D:2      | Slain by a goblin

Vault maps used:
D:1:      dpeg_arrival_rooms_with_view, minivault_4
D:2:      makhleb_grotto_becter, overflow_temple_1_default,
          yredelemnul_forgotten_temple_becter, lemuel_blue_sif_altar, uniq_robin

Skill      XL: |  1  2  3  4 |
---------------+-------------+-----
Stealth        | 1 2 |  2.3
Maces & Flails | 1 3 4 |  4.1
Fighting       | |  1.3
Short Blades   | |  0.5
Dodging        | |  1.7
Evocations     | |  2.4

Action                   |  1- 3 |  4- 6 || total
-------------------------+-------+-------++-------
Melee: Short sword       |   107 |       ||   107
       Whip              |    33 |    19 ||    52
       Flail             |       |    50 ||    50
Throw: Stone             |    13 |     4 ||    17
  Use: Potion            |     1 |     6 ||     7
       Scroll            |       |     2 ||     2
 Stab: Sleeping          |     4 |       ||     4
  Eat: Chunk             |     2 |     4 ||     6
Armor: Robe              |    52 |    33 ||    85
Dodge: Dodged            |    62 |    73 ||   135
